 Dungeon Crawl Stone Soup version 0.32-a0-41-gec2d92a32c (webtiles) character file.

Game seed: 4641698577307828637

209 Dittersdorf the Shield-Bearer (level 5, 0/34 HPs)
             Began as a Gargoyle Fighter on Jan 25, 2024.
             Slain by a kobold brigand
             ... wielding a +1 dagger of speed
              (5 damage)
             ... in a sewer.
             The game lasted 00:02:49 (1633 turns).

Dittersdorf the Shield-Bearer (Gargoyle Fighter)    Turns: 1633, Time: 00:02:50

Health: 0/34       AC: 11    Str: 21    XL:     5   Next: 87%
Magic:  5/5        EV:  9    Int:  9    God:
Gold:   131        SH:  5    Dex: 14    Spells: 4/4 levels left

rFire   . . .        a - +0 flail
rCold   + . .        c - +0 buckler
rNeg    + . .        b - +0 scale mail
rPois   ∞            (no helmet)
rElec   +            (no cloak)
rCorr   +            (no gloves)
SInv    .            (no boots)
Will    .....        (no amulet) Stlth
                     n - ring of Bicrie {rCorr Dex+5}
HPRegen 0.25/turn    o - ring of protection from cold
MPRegen 0.09/turn

%: no passive effects
@: no status effects
A: sickness immunity, AC +4, negative energy resistance 1, electricity
resistance, torment resistance 1, petrification resistance
a: no special abilities


You were in a sewer.
You visited 1 branch of the dungeon, and saw 3 of its levels.
You also visited: Sewer.

You collected 131 gold pieces.

Inventory:

Hand Weapons
 a - a +0 flail (weapon)
 j - a +1 whip of flaming
Missiles
 i - 5 curare-tipped darts (quivered)
Armour
 b - a +0 scale mail (worn)
 c - a +0 buckler (worn)
Jewellery
 n - the ring of Bicrie (left hand) {rCorr Dex+5}
   (You found it on level 2 of the Dungeon)

   [ring of resist corrosion]

   Dex+5:     It affects your dexterity (+5).
   rCorr:     It protects you from acid and corrosion.
 o - a ring of protection from cold (right hand)
Scrolls
 e - a scroll of vulnerability {unknown}
 l - a scroll of noise {unknown}
 p - a scroll of brand weapon {unknown}
 q - a scroll of immolation {unknown}
 r - a scroll of identify {unknown}
 s - a scroll of poison {unknown}
Potions
 d - 3 potions of might
 f - a potion of berserk rage {unknown}
 g - 2 potions of invisibility {unknown}
 h - 2 potions of haste {unknown}
 k - a potion of curing {unknown}
 m - a potion of ambrosia {unknown}
 t - a potion of mutation {unknown}


   Skills:
 + Level 4.5 Fighting
 + Level 3.3 Maces & Flails
 + Level 4.4 Armour
 + Level 4.5 Shields


You had 4 spell levels left.
You didn't know any spells.
Your spell library was empty.

Dungeon Overview and Level Annotations

Branches:
Dungeon (3/15)              Sewer (1/1)

Altars:

Shops:
D:1 (


Innate Abilities, Weirdness & Mutations

You are immune to sickness and miasma.
Your stone body is resilient. (AC +4)
You are immune to poison.
You resist negative energy. (rN+)
You are resistant to electric shocks. (rElec)
You are resistant to unholy torment.
You are immune to petrification.


Message History

You are too injured to fight recklessly!
You are too injured to fight recklessly!
You are too injured to fight recklessly!
You are too injured to fight recklessly!
You are too injured to fight recklessly!
You are too injured to fight recklessly!
You are too injured to fight recklessly!
You are too injured to fight recklessly!
You are too injured to fight recklessly!
You are too injured to fight recklessly!
You are too injured to fight recklessly!
You are too injured to fight recklessly!
You are too injured to fight recklessly!
You are too injured to fight recklessly!
You hit the kobold brigand.
The kobold brigand is severely wounded.
The kobold brigand barely misses you.
You barely miss the kobold brigand.
The kobold brigand is severely wounded.
The kobold brigand hits you with a +1 dagger of speed.
The kobold brigand barely misses you.
You closely miss the kobold brigand.
The kobold brigand is severely wounded.
The kobold brigand hits you with a +1 dagger of speed.
* * * LOW HITPOINT WARNING * * *
You block the kobold brigand's attack.
You barely miss the kobold brigand.
The kobold brigand is severely wounded.
The kobold brigand hits you but does no damage.
The kobold brigand splashes around in the water.
You hit the kobold brigand.
The kobold brigand is almost dead.
The kobold brigand hits you with a +1 dagger of speed.
* * * LOW HITPOINT WARNING * * *
The kobold brigand hits you with a +1 dagger of speed.
* * * LOW HITPOINT WARNING * * *
You hit the kobold brigand but do no damage.
The kobold brigand is almost dead.
The kobold brigand hits you with a +1 dagger of speed.
You die...

#. .# #~ K#~ ~# #~ ~#~ ~# ~#~
~#~ .~~ ~~. #~# #~# #~# #~#
#~###~# #~K@.~# ##~~~## #~~~#
#.~.# ~ #~~.## .~ #####
#..~~## .~~ ~~~.#####
#.~~..#####~.~.
###~~~)~########.~~~~..~~.~..
~~~.###.~..~..####.~~.~~~.~#


You could see a kobold brigand.

Vanquished Creatures
  2 kobold brigands (Sewer)
  3 adders
  A ribbon worm (D:2)
  8 bats
  5 endoplasms
  3 giant cockroaches
  3 goblins
  3 kobolds
  2 quokkas (D:3)
  8 ball pythons
  2 frilled lizards
  4 rats
44 creatures vanquished.

Notes
Turn   | Place    | Note
-------+----------+-------------------------------------------
     0 | D:1      | Dittersdorf the Gargoyle Fighter began the quest for the
                  | Orb.
     0 | D:1      | Reached XP level 1. HP: 14/14 MP: 1/1
   336 | D:1      | Found Cofofet's Weapon Shop.
   395 | D:1      | Reached XP level 2. HP: 18/19 MP: 2/2
   829 | D:2      | Identified the ring of Bicrie {rCorr Dex+5}
   856 | D:2      | Reached XP level 3. HP: 19/23 MP: 3/3
  1178 | D:2      | Found a faded altar of an unknown god.
  1360 | D:3      | Found a glowing drain.
  1364 | Sewer    | Entered a sewer
  1394 | Sewer    | Reached XP level 4. HP: 24/29 MP: 4/4
  1462 | Sewer    | Noticed a kobold brigand
  1485 | Sewer    | Killed a kobold brigand
  1486 | Sewer    | Reached XP level 5. HP: 29/33 MP: 5/5
  1503 | Sewer    | Noticed a kobold brigand
  1516 | Sewer    | Killed a kobold brigand
  1606 | Sewer    | Noticed a kobold brigand
  1633 | Sewer    | Slain by a kobold brigand

Illustrated notes

Levels and vault maps discovered:
D:1:      orjb1_lava_funnel, layout_basic, serial_shops, nicolae_square_shop,
          minmay_misc_feat_four_crosses, serial_bayou_pond_c
D:2:      layout_rooms, shapermc_ecumenical_altar_mp_vishouse, minmay_ruptured
D:3:      cheibrodos_helix_gallery, layout_basic, gup_sewer_entry_bowl,
          ebering_ghost_inner_flame
Sewer:    sewer_co_tree

Skill      XL: |  1  2  3  4 |
---------------+-------------+-----
Shields        | 4 |  4.5
Fighting       | 4 |  4.5
Maces & Flails | 3 |  3.3
Armour         | 4 |  4.4

Action                     |  1- 3 |  4- 6 || total
---------------------------+-------+-------++-------
  Melee: Flail             |   128 |    55 ||   183
    Use: Scroll            |     2 |       ||     2
 Armour: Scale mail        |   118 |    41 ||   159
  Dodge: Dodged            |    72 |    18 ||    90
  Block: Buckler           |    35 |    11 ||    46

Table legend: (Time is in decaauts)
 A = Elapsed time spent in this place.
 B = Non-inter-level travel time spent in this place.
 C = Inter-level travel time spent in this place.
 D = Time resting spent in this place.
 E = Time spent auto-exploring this place.
 F = Levels seen in this place.
 G = Mean time per level.
                   A        B        C        D        E       F      G
               +--------+--------+--------+--------+--------+-----+--------+
         Total |   1737 |   1662 |     75 |     51 |   1136 |   4 |  434.2 |
       Dungeon |   1408 |   1333 |     75 |      0 |    988 |   3 |  469.3 |
         Sewer |    329 |    329 |      0 |     51 |    147 |   1 |  329.0 |
               +--------+--------+--------+--------+--------+-----+--------+

Top non-repeatable levels by time:
     D:1: 821 daAuts
     D:2: 536 daAuts
   Sewer: 329 daAuts
     D:3: 50 daAuts
